 Dungeon Crawl Stone Soup version 0.28.0-53-g5a82cb258f (webtiles) character file.

Game seed: 2691274354196594387

59 Jerry the Chucker (level 3, -2/35 HPs)
             Began as a Troll Hunter on June 24, 2022.
             Killed from afar by Natasha (6 damage)
             ... with a magic dart
             ... on level 1 of the Dungeon.
             The game lasted 00:03:53 (1147 turns).

Jerry the Chucker (Troll Hunter)                    Turns: 1147, Time: 00:03:54

Health: -2/35      AC:  4    Str: 22    XL:     3   Next: 78%
Magic:  2/2        EV: 10    Int:  7    God:
Gold:   14         SH:  0    Dex: 10    Spells: 2/2 levels left

rFire   . . .      SeeInvis .   f - +0 whip
rCold   . . .      Faith    .   (no shield)
rNeg    . . .      Spirit   .   b - +0 robe
rPois   .          Reflect  .   (helmet restricted)
rElec   .          Harm     .   (no cloak)
rCorr   .          Rampage  .   (gloves unavailable)
Will    .....                   (boots unavailable)
Stlth   +.........              (no amulet)
HPRegen 0.91/turn               (no ring)
MPRegen 0.08/turn               (no ring)

@: slowed, studying Dodging, very slow
A: large, unfitting armour, claws 3, regeneration 1, shaggy fur 1, tough skin 1
a: no special abilities


You were on level 1 of the Dungeon.
You visited 1 branch of the dungeon, and saw 2 of its levels.

You collected 14 gold pieces.

Inventory:

Hand Weapons
 f - a +0 whip (weapon)
Missiles
 c - 5 large rocks (quivered)
 d - 2 throwing nets
Armour
 b - a +0 robe (worn)
Wands
 a - a wand of digging (5)


   Skills:
 + Level 2.2 Fighting
 * Level 0.5 Maces & Flails
 + Level 4.1 Throwing
 + Level 2.9 Dodging
 - Level 0.3 Stealth


You had 2 spell levels left.
You didn't know any spells.
Your spell library was empty.

Dungeon Overview and Level Annotations

Branches:
Dungeon (2/15)

Altars:

Annotations:
D:1 Natasha


Innate Abilities, Weirdness & Mutations

You are too large for most types of armour.
You have claws for hands.
Your natural rate of healing is unusually fast.
You are covered in fur. (AC +1)
You have tough skin. (AC +1)


Message History

You closely miss Natasha. Natasha claws you but does no damage.
Natasha stares at you and mumbles some strange words.
The magic dart hits you.
You barely miss Natasha.
The iron imp disappears in a puff of smoke!
Natasha closely misses you.
You closely miss Natasha. Natasha claws you. x2
You hit Natasha but do no damage.
Natasha zaps a wand.
The puff of flame hits you.
Natasha howls an incantation.
You feel troubled. Natasha barely misses you.
You hit Natasha but do no damage. Your claw misses Natasha.
Natasha mewls in sadness.
Natasha zaps a wand.
The puff of flame misses you.
The now-empty wand crumbles to dust.
You barely miss Natasha. Natasha claws you.
The shadow imp shouts, "Go and return not, thou mewling fool-headed erk!"
Natasha claws you.
You hit Natasha.
Natasha is moderately wounded.
Natasha claws you!
* * * LOW HITPOINT WARNING * * *
Natasha stares at you and mumbles some strange words.
The magic dart hits you.
* * * LOW HITPOINT WARNING * * *
Natasha stares at you and mumbles some strange words.
You feel as though you will be slow longer.
Natasha howls an incantation.
You feel disoriented.
Natasha mumbles some strange words.
The shadow imp disappears in a puff of smoke!
Natasha wildly gestures.
Natasha glows brightly for a moment.
Natasha stares at you and mumbles some strange words.
You resist with significant effort. The shadow imp hits you.
* * * LOW HITPOINT WARNING * * *
Natasha casts a spell at you. The magic dart hits you.
You die...

##.## ###...######
....#......# .).........#
...........#
...........#########
.#.................#
.##.....÷.........5#######
.###..#.##......@..h.†...#
.###....##########.####..#
........# #.# #>.#
###...#.# #.# #..# #...#.#
#.# #..#### ###...#.# #.#
#.....# ......#.# #.##
##.##.# ###..##.# #..#
#.##.# # #..##.# ##.#
#.##.#


You could see Natasha and a shadow imp (summoned).

Vanquished Creatures
  An adder (D:2)
  A dart slug (D:1)
  5 endoplasms
  4 giant cockroaches
  6 goblins
  4 hobgoblins (D:1)
  4 kobolds
  5 quokkas
  5 ball pythons
  4 bats
  2 frilled lizards (D:1)
  2 rats (D:1)
43 creatures vanquished.

Notes
Turn   | Place    | Note
-------+----------+-------------------------------------------
     0 | D:1      | Jerry the Troll Hunter began the quest for the Orb.
     0 | D:1      | Reached XP level 1. HP: 19/19 MP: 0/0
    81 | D:1      | Found a faded altar of an unknown god.
   113 | D:1      | Reached XP level 2. HP: 28/28 MP: 1/1
   415 | D:1      | Reached XP level 3. HP: 35/35 MP: 2/2
   431 | D:1      | Reached skill level 4 in Throwing
  1080 | D:2      | Noticed Natasha
  1147 | D:1      | Killed from afar by Natasha

Illustrated notes

Levels and vault maps discovered:
D:1:      eino_arrival_cavern_b, layout_loops_ring,
          hellmonk_ecumenical_altar_arch_garden, serial_bayou_lagoon_b
D:2:      layout_loops_cross, uniq_natasha, uniq_sigmund

Skill      XL: |  1  2  3 |
---------------+----------+-----
Dodging        | 2 |  2.9
Fighting       | 2 |  2.2
Throwing       | 4 |  4.1
Maces & Flails | |  0.5
Stealth        | |  0.3

Action                   || total
-------------------------++-------
Melee: Short sword       ||    65
       Unarmed           ||    53
       Whip              ||    68
       Punch             ||     1
  Use: Scroll            ||     1
 Stab: Sleeping          ||     1
Armor: Robe              ||    88
Dodge: Dodged            ||   130
